 Dungeon Crawl Stone Soup version 0.30-a0-728-gc68057be0a (webtiles) character file.

Game seed: 16773763363123231461

18 zinnoa the Charlatan (level 2, 18/18 HPs)
             Began as an Octopode Artificer on Feb 1, 2023.
             Quit the game on level 1 of the Dungeon.
             The game lasted 00:01:34 (622 turns).

zinnoa the Charlatan (Octopode Artificer)            Turns: 622, Time: 00:01:35

Health: 18/18      AC:  3    Str: 11    XL:     2   Next: 70%
Magic:  2/2        EV: 13    Int: 13    God:
Gold:   91         SH:  0    Dex: 12    Spells: 1/1 levels left

rFire   . . .      SeeInvis .    a - +0 club
rCold   . . .      Faith    .    (no shield)
rNeg    . . .      Spirit   .    e - +2 hat
rPois   .          Reflect  .    (no amulet)
rElec   .          Harm     .    (no ring)
rCorr   .          Rampage  .    (no ring)
Will    .....                    (no ring)
Stlth   +++                      (no ring)
HPRegen 0.23/turn                (no ring)
MPRegen 0.08/turn                (no ring)
                                 (no ring)
                                 (no ring)

@: no status effects
A: almost no armour, amphibious, 8 rings, camouflage 1, gelatinous body 1,
(nimble swimmer 1), tentacles
a: no special abilities


You were on level 1 of the Dungeon.
You visited 1 branch of the dungeon, and saw 1 of its levels.

You collected 91 gold pieces.

Inventory:

Hand Weapons
 a - a +0 club (weapon)
Armour
 e - a +2 hat (worn)
Wands
 b - a wand of flame (13) (quivered)
 c - a wand of charming (15)
 d - a wand of iceblast (5)
Scrolls
 g - a scroll of torment {unknown}
 h - a scroll of poison {unknown}
Potions
 f - a potion of curing {unknown}


   Skills:
 + Level 1.0 Fighting
 + Level 0.1 Maces & Flails
 + Level 2.8 Dodging
 + Level 1.3 Stealth
 + Level 3.9 Evocations


You had one spell level left.
You didn't know any spells.
Your spell library was empty.

Dungeon Overview and Level Annotations

Branches:
Dungeon (1/15)

Altars:


Innate Abilities, Weirdness & Mutations

You cannot wear most types of armour.
You are amphibious.
You can wear up to eight rings at the same time.
Your skin changes colour to match your surroundings (Stealth+).
Your rubbery body absorbs attacks. (AC +1, EV +1)
((You are camouflaged when in or above water. (Stealth+)))
You have tentacles for arms and can constrict up to eight enemies at once.


Message History

The bat is moderately wounded.
The bat hits you but does no damage. The bat barely misses you.
The bat completely misses you.
You hit the bat.
You kill the bat!
You see here a +0 helmet.
You see here a bat corpse.
A frilled lizard comes into view.
The frilled lizard hisses angrily.
You barely miss the frilled lizard. Your grab misses the frilled lizard.
The frilled lizard closely misses you.
You miss the frilled lizard. Your grab misses the frilled lizard.
The frilled lizard bites you but does no damage. x2
You hit the frilled lizard but do no damage.
You grab the frilled lizard. You constrict the frilled lizard.
You kill the frilled lizard!
No target in view!
No target in view!
You see here a frilled lizard corpse.
A rat comes into view.
You hit the rat. Your grab misses the rat. Your squeeze misses the rat.
The rat is heavily wounded.
The rat closely misses you.
You closely miss the rat. Your grab misses the rat.
The rat is heavily wounded.
The rat closely misses you.
You closely miss the rat. You grab the rat.
The rat is heavily wounded.
You constrict the rat.
You kill the rat!
No target in view!
Found a whip.
You now have 73 gold pieces (gained 14).
You see here a +0 whip.
You see here a stone.
You now have 83 gold pieces (gained 10).
You now have 91 gold pieces (gained 8).
h - a scroll labelled FUOWKA ZANUXZU Unknown command.
Are you sure you want to abandon this character and quit the game? (Confirm with "yes".)

#.#..........
############.#.#########
#............#.#
##.#########.#.# #.# ..
#.#.######### #.# .#
#.#.##....... #.# .#
#.#.##.###### #.#####.#
#.#.##.# #.....@.#
#.#....# #.......#
#.#..### #.#######
#....# #... #...##
############...####
........>.#....#
########.......#
##......# ###...######


There were no monsters in sight!

Vanquished Creatures
  An endoplasm (D:1)
  A giant cockroach (D:1)
  A goblin (D:1)
  3 hobgoblins (D:1)
  4 jackals (D:1)
  A quokka (D:1)
  A bat (D:1)
  2 frilled lizards (D:1)
  2 rats (D:1)
16 creatures vanquished.

Notes
Turn   | Place    | Note
-------+----------+-------------------------------------------
     0 | D:1      | zinnoa the Octopode Artificer began the quest for the Orb.
     0 | D:1      | Reached XP level 1. HP: 13/13 MP: 1/1
    88 | D:1      | Reached XP level 2. HP: 18/18 MP: 2/2
   622 | D:1      | Quit the game

Illustrated notes

Levels and vault maps discovered:
D:1:      dpeg_arrival_tiny_h, layout_basic, minmay_misc_feat_pillars

Action                     || total
---------------------------++-------
  Melee: Club              ||    38
         Constrict         ||    12
         Tentacles         ||     6
  Evoke: Wand              ||     2
   Stab: Sleeping          ||     3
 Armour: Skin              ||     9
  Dodge: Dodged            ||    36

Table legend: (Time is in decaauts)
 A = Elapsed time spent in this place.
 B = Non-inter-level travel time spent in this place.
 C = Inter-level travel time spent in this place.
 D = Time resting spent in this place.
 E = Time spent auto-exploring this place.
 F = Levels seen in this place.
 G = Mean time per level.
                   A        B        C        D        E       F      G
               +--------+--------+--------+--------+--------+-----+--------+
         Total |    633 |    633 |      0 |     64 |    448 |   1 |  633.0 |
       Dungeon |    633 |    633 |      0 |     64 |    448 |   1 |  633.0 |
               +--------+--------+--------+--------+--------+-----+--------+

Top non-repeatable levels by time:
     D:1: 633 daAuts
